 Dungeon Crawl Stone Soup version 0.31-a0-175-g9f7f995f2b (webtiles) character file.

Game seed: 17341708177298820834

255 qw the Shooter (level 6, -1/40 HPs)
             Began as a Gargoyle Hunter on June 17, 2023.
             Slain by Duvessa
             ... wielding a +0 short sword
              (9 damage)
             ... on level 4 of the Dungeon.
             The game lasted 00:01:10 (3294 turns).

qw the Shooter (Gargoyle Hunter)                    Turns: 3294, Time: 00:01:11

Health: -1/40      AC: 21    Str: 19    XL:     6   Next: 15%
Magic:  15/15      EV: 11    Int: 13    God:
Gold:   193        SH:  0    Dex: 14    Spells: 5/5 levels left

rFire   . . .        i - +2 orcbow (flame)
rCold   . . .        (shield currently unavailable)
rNeg    + . .        e - +0 ring mail
rPois   inf          f - +0 helmet
rElec   +            (no cloak)
rCorr   .            h - +2 pair of gloves of a Gauntlet {rPois MP+9}
SInv    +            g - +0 pair of boots
Will    .....        (no amulet)
Stlth   +            b - ring of see invisible
HPRegen 0.26/turn    l - ring "Wuucetsu" {*Corrode Fly rElec AC+4 Int+5}
MPRegen 0.14/turn

%: corrode self (3%)
@: flying, unable to read
A: sickness immunity, AC +4, negative energy resistance 1, electricity
resistance, torment resistance 1, petrification resistance, iridescent scales 1,
robust 1, strong 1, inability to read after injury 1
a: no special abilities


You were on level 4 of the Dungeon.
You visited 1 branch of the dungeon, and saw 4 of its levels.

You collected 193 gold pieces.


Innate Abilities, Weirdness & Mutations

You are immune to sickness and miasma.
Your stone body is resilient. (AC +4)
You are immune to poison.
You resist negative energy. (rN+)
You are resistant to electric shocks. (rElec)
You are resistant to unholy torment.
You are immune to petrification.
You are partially covered in iridescent scales. (AC +2)
You are robust. (+10% HP)
Your muscles are strong. (Str +4, Int/Dex -1)
You occasionally lose the ability to read scrolls when taking damage.


   Skills:
 + Level 3.6 Fighting
 - Level 6.1 Ranged Weapons
 - Level 2.6 Armour
 - Level 1.5 Dodging
 - Level 1.1 Stealth


You had 5 spell levels left.
You didn't know any spells.
Your spell library was empty.

Inventory:

Hand Weapons
 i - a +2 orcbow of flaming (weapon)
Armour
 e - a +0 ring mail (worn)
 f - a +0 helmet (worn)
 g - a +0 pair of boots (worn)
 h - the +2 pair of gloves of a Gauntlet (worn) {rPois MP+9}
   (You acquired it on level 3 of the Dungeon)

   rPois:     It protects you from poison.
   MP:        It affects your magic capacity (+9).
Jewellery
 b - a ring of see invisible (left hand)
 l - the ring "Wuucetsu" (right hand) {*Corrode Fly rElec AC+4 Int+5}
   (You acquired it on level 3 of the Dungeon)

   [ring of protection]

   AC:        It affects your AC (+4).
   Int:       It affects your intelligence (+5).
   rElec:     It insulates you from electricity.
   Fly:       It grants you flight.
   *Corrode:  It may corrode you when you take damage.
Potions
 a - a potion of degeneration {unknown}
 c - a potion of heal wounds {unknown}
 d - a potion of attraction {unknown}
 j - a potion of magic {unknown}
 k - a potion of curing

Dungeon Overview and Level Annotations

Branches:
Dungeon (4/15)
 Temple: D:4-7

Altars:
Cheibriados
Fedhas
Gozag
Qazlal

Shops:
D:1 (

Annotations:
D:4 Duvessa


Message History

Dowan shouts!
You hear a shout!
You shoot an arrow. The arrow hits Dowan!
The arrow burns Dowan.
Dowan is heavily wounded.
Dowan mumbles some strange words.
Dowan blinks!
Duvessa, Sister of Dowan comes into view.
She is wielding a +0 short sword.
You shoot an arrow. The arrow barely misses Dowan.
Dowan hits you but does no damage.
You shoot an arrow. The arrow closely misses Dowan.
Dowan drinks a potion.
Dowan is healed!
You shoot an arrow. The arrow closely misses Dowan.
Dowan hits you but does no damage. Duvessa hits you but does no damage. x2
Dowan hits you but does no damage.
You shoot an arrow. The arrow hits Dowan.
The arrow burns Dowan.
Dowan is moderately wounded.
Dowan misses you. Duvessa hits you but does no damage.
You shoot an arrow. The arrow hits Dowan!
The arrow burns Dowan.
Dowan is almost dead.
Dowan hits you with a +0 dagger. Duvessa misses you.
You shoot an arrow. The arrow hits Dowan!
The arrow burns Dowan.
You kill Dowan!
Duvessa screams in rage.
Duvessa goes berserk!
Duvessa hits you with a +0 short sword. Duvessa hits you but does no damage.
Your Armour skill increases to level 2!
You have reached level 6!
You shoot an arrow. The arrow barely misses Duvessa.
Duvessa hits you but does no damage. Duvessa hits you with a +0 short sword.
You shoot an arrow. The arrow barely misses Duvessa.
Duvessa closely misses you. Duvessa hits you with a +0 short sword!
You shoot an arrow. The arrow hits Duvessa.
The arrow burns Duvessa.
Duvessa is lightly wounded.
Duvessa hits you with a +0 short sword! Duvessa misses you.
You shoot an arrow. The arrow hits Duvessa!
The arrow burns Duvessa.
Duvessa is moderately wounded.
Duvessa hits you with a +0 short sword!
You feel threatened and lose the ability to read scrolls!
Duvessa hits you but does no damage.
You shoot an arrow. The arrow closely misses Duvessa.
Duvessa hits you but does no damage. Duvessa hits you with a +0 short sword!
You die...

#... #####.#######.
######.............
#<....>###...#####
##########.......#
..........#.#
######.####.#
#.)......#
#.#@###### #.#e# .
... .#.###. #. .. .
.. .# #.. .. ...


You could see Duvessa (berserk).

Vanquished Creatures
  Dowan (D:4)
  2 orc priests (D:2)
  An orc wizard (D:2)
  5 adders
  A worm (D:2)
  3 dart slugs
  7 orcs
  8 ball pythons
  7 bats
  4 endoplasms
  2 giant cockroaches
  2 goblins (D:2)
  5 hobgoblins
  3 jackals (D:1)
  4 kobolds
  A quokka (D:2)
  4 rats
60 creatures vanquished.

Notes
Turn   | Place    | Note
-------+----------+-------------------------------------------
     0 | D:1      | qw the Gargoyle Hunter began the quest for the Orb.
     0 | D:1      | Reached XP level 1. HP: 12/12 MP: 1/1
     0 | D:1      | 0 ||| qw: Version: 0.3-a-2-g5ab2908
     0 | D:1      | 0 ||| qw: Game counter: 105
     0 | D:1      | 0 ||| qw: Always use a shield: true
     0 | D:1      | 0 ||| qw: God list: Okawaru
     0 | D:1      | 0 ||| qw: Allow faded altars: false
     0 | D:1      | 0 ||| qw: Do Orc after D:15 true
     0 | D:1      | 0 ||| qw: Do second Lair branch before Depths: true
     0 | D:1      | 0 ||| qw: Lair rune preference: random
     0 | D:1      | 0 ||| qw: Plans: Normal, Zot:1-4, Slime:5, God:TSO, Crypt,
                  | Tomb, Abyss, Pan, Hells, Win
     0 | D:1      | 0 ||| PLANNING D:1-11
   235 | D:1      | Reached XP level 2. HP: 17/17 MP: 2/2
   639 | D:1      | Reached XP level 3. HP: 21/21 MP: 3/3
   640 | D:1      | Found Dueng's Antique Weapon Shop.
   902 | D:1      | 902 ||| UPGRADING to +0 ring mail.
   912 | D:1      | 912 ||| DROPPING +0 leather armour.
   913 | D:1      | 913 ||| UPGRADING to +0 helmet.
   918 | D:1      | 918 ||| DRINKING 3 lumpy sapphire potions.
   918 | D:1      | Gained mutation: Potions are less effective at restoring
                  | your health. [potion of mutation]
   919 | D:1      | 919 ||| DRINKING 2 potions of mutation.
   919 | D:1      | Lost mutation: Potions are less effective at restoring your
                  | health. [potion of mutation]
   919 | D:1      | Gained mutation: You do not regenerate when monsters are
                  | visible. [potion of mutation]
   919 | D:1      | Gained mutation: You passively map a small area around you.
                  | [potion of mutation]
   920 | D:1      | 920 ||| DRINKING potion of mutation.
   920 | D:1      | Lost mutation: You passively map a small area around you.
                  | [potion of mutation]
   920 | D:1      | Lost mutation: You do not regenerate when monsters are
                  | visible. [potion of mutation]
   920 | D:1      | Gained mutation: You occasionally lose the ability to read
                  | scrolls when taking damage. [potion of mutation]
   920 | D:1      | Gained mutation: Your muscles are strong. (Str +4, Int/Dex
                  | -1) [potion of mutation]
   920 | D:1      | Gained mutation: You are partially covered in iridescent
                  | scales. (AC +2) [potion of mutation]
   920 | D:1      | Gained mutation: You are robust. (+10% HP) [potion of
                  | mutation]
   927 | D:1      | 927 ||| DROPPING scroll of butterflies.
  1144 | D:2      | Reached skill level 1 in Armour
  1179 | D:2      | Reached skill level 5 in Ranged Weapons
  1419 | D:2      | Reached XP level 4. HP: 29/29 MP: 4/4
  1474 | D:2      | Reached skill level 3 in Fighting
  1840 | D:2      | 1840 ||| UPGRADING to +0 pair of boots.
  1845 | D:2      | 1845 ||| DROPPING ring of flight.
  1846 | D:2      | 1846 ||| READING scroll labelled NATWEIPTU.
  1847 | D:2      | 1847 ||| READING scroll labelled VAOXOD OPIZOME.
  1848 | D:2      | 1848 ||| READING scroll labelled NIRCHI KOJEMO.
  1896 | D:3      | 1896 ||| STAIRDANCE
  1932 | D:3      | 1932 ||| STAIRDANCE
  1982 | D:3      | 1982 ||| STAIRDANCE
  2072 | D:3      | 2072 ||| STAIRDANCE
  2145 | D:3      | 2145 ||| STAIRDANCE
  2164 | D:2      | HP: 4/30 [something/puff of flame (8)]
  2167 | D:2      | Reached XP level 5. HP: 6/35 MP: 5/5
  2431 | D:3      | 2431 ||| FLEEEEING.
  2432 | D:3      | 2432 ||| FLEEEEING.
  2433 | D:3      | 2433 ||| FLEEEEING.
  2434 | D:3      | 2434 ||| FLEEEEING.
  2435 | D:3      | 2435 ||| FLEEEEING.
  2436 | D:3      | 2436 ||| STAIRDANCE
  2473 | D:2      | 2473 ||| UPGRADING to ring of see invisible.
  2484 | D:3      | 2484 ||| STAIRDANCE
  2490 | D:2      | HP: 4/35 [orc priest/divine providence (11)]
  2494 | D:2      | Reached skill level 6 in Ranged Weapons
  2498 | D:2      | HP: 5/35 [orc/+0 club (1)]
  2629 | D:3      | Found a blossoming altar of Fedhas.
  2700 | D:3      | Found an opulent altar of Gozag.
  2828 | D:3      | Found a snail-covered altar of Cheibriados.
  2980 | D:3      | Found a stormy altar of Qazlal.
  3135 | D:3      | 3135 ||| READING scroll labelled ACEULA HIDDUMI.
  3163 | D:3      | 3163 ||| READING 3 scrolls labelled ANIDWO FECZOU.
  3163 | D:3      | Identified 3 scrolls of acquirement
  3163 | D:3      | 3163 ||| ACQUIRING +2 pair of gloves of a Gauntlet {rPois
                  | MP+9}
  3163 | D:3      | Acquired the +2 pair of gloves of a Gauntlet {rPois MP+9}
  3165 | D:3      | 3165 ||| UPGRADING to +2 pair of gloves of a Gauntlet
                  | {rPois MP+9}.
  3170 | D:3      | 3170 ||| READING 2 scrolls of acquirement.
  3170 | D:3      | 3170 ||| ACQUIRING ring "Wuucetsu" {*Corrode Fly rElec AC+4
                  | Int+5}
  3170 | D:3      | Acquired the ring "Wuucetsu" {*Corrode Fly rElec AC+4
                  | Int+5}
  3172 | D:3      | 3172 ||| UPGRADING to ring "Wuucetsu" {*Corrode Fly rElec
                  | AC+4 Int+5}.
  3173 | D:3      | 3173 ||| READING scroll of acquirement.
  3173 | D:3      | 3173 ||| ACQUIRING +2 orcbow of flaming
  3173 | D:3      | Acquired a +2 orcbow of flaming
  3175 | D:3      | 3175 ||| SWAPPING to +2 orcbow of flaming.
  3176 | D:3      | 3176 ||| DROPPING +0 shortbow.
  3236 | D:3      | 3236 ||| DRINKING 2 sapphire potions.
  3282 | D:4      | Noticed Dowan
  3283 | D:4      | Noticed Duvessa
  3289 | D:4      | Killed Dowan
  3290 | D:4      | Reached XP level 6. HP: 36/40 MP: 6/6
  3293 | D:4      | HP: 8/40 [Duvessa/+0 short sword (7)]
  3294 | D:4      | Slain by Duvessa

Levels and vault maps discovered:
D:1:      saegor_arrival_fortress, layout_basic, serial_shops,
          nicolae_shop_statue_plus
D:2:      layout_loops_corners, minmay_fractal_squares_gapless_5
D:3:      layout_basic, mainiacjoe_overflow_24_doors,
          nicolae_qazlal_general_emergency, chei_slow_surprise,
          nicolae_gozag_seed_capital
D:4:      layout_basic, nicolae_wu_jian_immortal_techniques, zin_angel,
          minmay_temple_entry_arrows, uniq_duvessa

Skill      XL: |  1  2  3  4  5 |
---------------+----------------+-----
Armour         | 1 2 |  2.6
Ranged Weapons | 5 6 |  6.1
Fighting       | 3 |  3.6
Dodging        | |  1.5
Stealth        | |  1.1

Action                     |  1- 3 |  4- 6 || total
---------------------------+-------+-------++-------
   Fire: Shortbow          |   127 |   110 ||   237
         Orcbow            |       |    19 ||    19
    Use: Potion            |     3 |     1 ||     4
         Scroll            |       |     7 ||     7
 Armour: Leather armour    |    15 |       ||    15
         Ring mail         |    18 |    80 ||    98
  Dodge: Dodged            |    42 |    57 ||    99

Table legend:
 A = Non-vault XP
 B = Vault XP
 C = Vault XP percentage of total XP
 D = Non-vault monster count
 E = Vault monster count
 F = Vault count percentage of total count
                 A         B        C        D         E       F
            +---------+---------+-------+---------+---------+-------
      Total |     271 |      94 |  25.8 |      54 |       6 |  10.0
            +---------+---------+-------+---------+---------+-------
        D:1 |      34 |       0 |   0.0 |      18 |       0 |   0.0
        D:2 |     175 |      22 |  11.2 |      24 |       5 |  17.2
        D:3 |      49 |       0 |   0.0 |      11 |       0 |   0.0
        D:4 |      13 |      72 |  84.7 |       1 |       1 |  50.0
            +---------+---------+-------+---------+---------+-------
